 Dungeon Crawl Stone Soup version 0.17.0-56-gd8de76c (webtiles) character file.

284 gorblad the Ducker (level 6, -4/72 HPs)
             Began as a Demonspawn Berserker on Dec 5, 2015.
             Was a Priest of Trog.
             Slain by gorblad's ghost (7 damage)
             ... on level 4 of the Dungeon.
             The game lasted 00:07:16 (2956 turns).

gorblad the Ducker (Demonspawn Berserker)           Turns: 2956, Time: 00:07:17

Health: -4/72      AC:  5    Str: 24    XL:     6   Next: 7%
Magic:  0/6        EV: 13    Int:  9    God:    Trog [***...]
Gold:   168        SH:  3    Dex: 12    Spells: 0 memorised, 5 levels left

rFire  . . .     SeeInvis .     a - +0 hand axe
rCold  . . .     Clarity  .     b - +0 animal skin
rNeg   . . .     SustAt   .     r - +0 buckler
rPois  .         Gourm    .     (no helmet)
rElec  .         Spirit   +     f - +0 cloak
rCorr  .         Warding  .     i - +1 pair of gloves
rMut   .         Stasis   .     (no boots)
MR     ++...                    (no amulet)
Stlth  ..........               (no ring)
                                (no ring)

@: berserking, lethally poisoned (-4 -> -4), regenerating, very quick, very
resistant to hostile enchantments, extremely unstealthy
A: magic shield
a: Berserk, Trog's Hand, Burn Spellbooks, Renounce Religion


You were on level 4 of the Dungeon.
You worshipped Trog.
Trog was most pleased with you.
You were not hungry.

You visited 1 branch of the dungeon, and saw 4 of its levels.

You collected 168 gold pieces.

Inventory:

Hand Weapons
 a - a +0 hand axe (weapon)
Armour
 b - a +0 animal skin (worn)
 f - a +0 cloak (worn)
 i - a +1 pair of gloves (worn)
 r - a +0 buckler (worn)
Scrolls
 g - a scroll of magic mapping
 j - 2 scrolls of teleportation
 l - 4 scrolls of remove curse
Potions
 d - a potion of flight {unknown}
 e - 3 potions of curing
 h - a potion of lignification
 m - a potion of invisibility {unknown}
 o - a potion of ambrosia {unknown}
Comestibles
 c - 3 bread rations
 k - a slice of pizza
 n - a meat ration
 s - a beef jerky


   Skills:
 + Level 4.0 Fighting
 + Level 3.4 Axes
 + Level 1.9 Armour
 + Level 4.3 Dodging
 + Level 1.0 Stealth
 + Level 1.0 Shields


You had 5 spell levels left.
You didn't know any spells.

Dungeon Overview and Level Annotations

Branches:
Dungeon (4/15)
 Temple: D:4-7

Altars:
Vehumet

Annotations:
D:4 gorblad's ghost, amateur DsFi


Innate Abilities, Weirdness & Mutations

When hurt, damage is shared between your health and your magic reserves.


Message History

Gorblad's ghost is moderately damaged.
You barely miss the adder skeleton. You barely miss the worker ant.
The worker ant is almost dead.
You feel sick. The worker ant closely misses you. Gorblad's ghost hits you!
* * * LOW HITPOINT WARNING * * *
The adder skeleton bites you.
* * * LOW HITPOINT WARNING * * *
You barely miss gorblad's ghost.
Gorblad's ghost is moderately damaged.
You hit the worker ant.
You kill the worker ant!
Trog accepts your kill.
Your Fighting skill increases to level 4!
You have reached level 6!
Your experience leads to an increase in your attributes!
Your base attributes are Str 18, Int 9, Dex 12.
Increase (S)trength, (I)ntelligence, or (D)exterity?
You feel stronger.
You hit the adder skeleton. Gorblad's ghost hits you!
You die...

+########..
.............
............
...........#
...........#
...........#
#.......<#
#...W...?#
#....@...#
......Z....#
###........#
#####....#
#....# #....#
#....# #....#


You could see gorblad's ghost and an adder skeleton.

Vanquished Creatures
  Purgy (D:3)
  A giant frog zombie (D:3)
  A worker ant (D:4)
  A gnoll (D:1)
  4 adders (D:2)
  An ooze (D:3)
  6 worms
  A giant gecko (D:2)
  2 orcs (D:3)
  2 ball pythons
  12 bats
  4 giant cockroaches
  7 goblins
  5 hobgoblins
  2 jackals (D:2)
  A quokka (D:2)
  3 giant newts (D:1)
  11 kobolds
  8 rats
73 creatures vanquished.

Notes
Turn   | Place    | Note
--------------------------------------------------------------
     0 | D:1      | gorblad the Demonspawn Berserker began the quest for the Orb.
     0 | D:1      | Reached XP level 1. HP: 18/18 MP: 1/1
   203 | D:1      | Gained mutation: When hurt, damage is shared between your health and your magic reserves. [demonic ancestry]
   203 | D:1      | Reached XP level 2. HP: 4/24 MP: 2/2
   850 | D:1      | Reached XP level 3. HP: 29/29 MP: 3/3
   928 | D:1      | Reached ** piety under Trog
  1342 | D:2      | Reached XP level 4. HP: 35/35 MP: 2/4
  2171 | D:3      | Found a radiant altar of Vehumet.
  2174 | D:3      | Reached *** piety under Trog
  2377 | D:3      | Noticed Purgy
  2393 | D:3      | Killed Purgy
  2393 | D:3      | Reached skill level 4 in Dodging
  2393 | D:3      | Reached XP level 5. HP: 19/42 MP: 1/5
  2407 | D:3      | Reached skill level 1 in Stealth
  2407 | D:3      | Reached skill level 1 in Shields
  2942 | D:4      | Noticed gorblad's ghost (amateur DsFi)
  2955 | D:4      | HP: 2/63 [adder skeleton (2)]
  2956 | D:4      | Reached XP level 6. HP: 2/48 MP: 0/6
  2956 | D:4      | Slain by gorblad's ghost

Action                   |  1- 3 |  4- 6 || total
-------------------------+-------+-------++-------
Melee: Hand axe          |   131 |   182 ||   313
Invok: Berserk           |     1 |     2 ||     3
       Trog's Hand       |       |     2 ||     2
  Use: Potion            |     1 |     1 ||     2
       Scroll            |     3 |     5 ||     8
 Stab: Sleeping          |     2 |     1 ||     3
  Eat: Chunk             |     1 |     7 ||     8
       Beef jerky        |       |     1 ||     1
